 Dungeon Crawl Stone Soup version 0.21-a0-513-gdcb3f5eb25 (webtiles) character file.

870 Iskender the Fighter (level 8, 0/71 HPs)
             Began as a Gnoll Wanderer on Dec 2, 2017.
             Was an Initiate of Wu Jian.
             Slain by Grinder (6 damage)
             ... while paralysed by Grinder
             ... on level 5 of the Dungeon.
             The game lasted 00:30:58 (4719 turns).

Iskender the Fighter (Gnoll Wanderer)               Turns: 4719, Time: 00:30:58

Health: 0/71       AC:  8    Str: 15    XL:     8   Next: 3%
Magic:  12/12      EV:  2    Int: 14    God:    Wu Jian [......]
Gold:   143        SH:  0    Dex: 17    Spells: 12/12 levels left

rFire    . . .     SeeInvis .   x - +0 hand axe (elec)
rCold    . . .     Gourm    .   (no shield)
rNeg     . . .     Faith    .   q - +0 ring mail
rPois    .         Spirit   .   n - +1 helmet
rElec    .         Reflect  .   (no cloak)
rCorr    .         Harm     .   (no gloves)
MR       .....                  (no boots)
Stlth    ++........             (no amulet)
HPRegen  0.21/turn              (no ring)
MPRegen  0.13/turn              (no ring)

@: paralysed
A: distributed training, fangs 1, strong nose
a: Renounce Religion


You were on level 5 of the Dungeon.
You worshipped Wu Jian.
Wu Jian was noncommittal.
You were not hungry.

You visited 2 branches of the dungeon, and saw 6 of its levels.

You collected 182 gold pieces.
You spent 39 gold pieces at shops.

Inventory:

Hand Weapons
 a - a +2 hand axe
 b - a +0 trident
 t - a +0 spear
 u - a +0 trident
 v - a +0 morningstar
 x - a +0 hand axe of electrocution (weapon)
 A - a +0 falchion of freezing
 B - a +0 rapier
Missiles
 f - 66 stones (quivered)
 m - 2 javelins
 o - 24 sling bullets
 w - 22 poisoned needles
 y - 18 arrows
 C - 3 tomahawks
Armour
 n - a +1 helmet (worn)
 p - a +0 chain mail
 q - a +0 ring mail (worn)
Wands
 D - a wand of iceblast (5)
Scrolls
 c - 3 scrolls of teleportation
 i - 2 scrolls of identify
 l - a scroll of fear
 H - a scroll of magic mapping {unknown}
 I - a scroll of remove curse
Potions
 e - 2 potions of curing {unknown}
 g - a potion of mutation
 h - a potion of heal wounds {unknown}
 j - a potion of cancellation
 r - a potion of might {unknown}
 s - a potion of brilliance {unknown}
 z - a potion of resistance {unknown}
 E - a potion of degeneration {unknown}
Comestibles
 d - 2 bread rations
 k - a meat ration
 F - a chunk of flesh


   Skills:
 + Level 9.0 Fighting
 + Level 2.8 Short Blades
 + Level 2.8 Long Blades
 + Level 3.9 Axes
 + Level 2.8 Maces & Flails
 + Level 2.8 Polearms
 + Level 2.8 Staves
 + Level 2.8 Slings
 + Level 2.8 Bows
 + Level 2.8 Crossbows
 + Level 3.9 Throwing
 + Level 5.4 Armour
 + Level 2.8 Dodging
 + Level 3.7 Stealth
 + Level 3.9 Shields
 + Level 2.8 Unarmed Combat
 + Level 2.8 Spellcasting
 + Level 2.3 Conjurations
 + Level 2.3 Hexes
 + Level 2.3 Charms
 + Level 2.3 Summonings
 + Level 2.3 Necromancy
 + Level 2.3 Translocations
 + Level 2.3 Transmutations
 + Level 2.3 Fire Magic
 + Level 2.3 Ice Magic
 + Level 2.3 Air Magic
 + Level 2.3 Earth Magic
 + Level 2.3 Poison Magic
 + Level 3.1 Invocations
 + Level 2.8 Evocations


You had 12 spell levels left.
You didn't know any spells.

Dungeon Overview and Level Annotations

Branches:
Dungeon (5/15)             Temple (1/1) D:4

Altars:
Ashenzari
Cheibriados
Dithmenos
Elyvilon
Fedhas
Gozag
Hepliaklqana
Makhleb
Nemelex Xobeh
Okawaru
Qazlal
Ru
Sif Muna
Vehumet
Wu Jian
Xom
Yredelemnul
Zin
The Shining One

Shops:
D:4 *

Annotations:
D:5 Dowan, Grinder


Innate Abilities, Weirdness & Mutations

Your experience applies equally to all skills.
You have very sharp teeth.
Your uncanny sense of smell can sniff out nearby items.


Message History

Grinder hits you.
You writhe in agony.
Grinder barely misses you.
A centaur comes into view.
You hit Grinder. Lightning courses through Grinder!
Grinder is severely wounded.
You barely miss the centaur. The centaur closely misses you. x2
Grinder closely misses you.
Okay, then.
As you read the scroll of fear, it crumbles to dust.
You assume a fearsome visage.
Grinder is unaffected.
The giant cockroach looks frightened!
The centaur looks frightened!
Grinder gestures at you.
You suddenly lose the ability to move!
Grinder hits you!
* * * LOW HITPOINT WARNING * * *
You writhe in agony.
* * * LOW HITPOINT WARNING * * *
Grinder hits you.
* * * LOW HITPOINT WARNING * * *
You writhe in agony.
You die...

Z.....e.
###.###. #
#.. #.#
#.# #.. #
#...######
..s...5@.#
###.####.#
.# .. .#.
. ###c . .
#. [ !. ..
o ..#


You could see Grinder, a centaur (fleeing) and a giant cockroach (fleeing).

Vanquished Creatures
  A sky beast (D:4)
  An ogre (D:4)
  A howler monkey (D:5)
  A hound (D:4)
  2 orc priests (D:5)
  A bullfrog skeleton (D:4)
  A centaur skeleton (D:4)
  4 iguanas
  Ijyb (D:4)
  Natasha (thrice) (D:2)
  A worker ant (D:4)
  4 gnolls
  12 adders
  A shadow imp (D:5)
  7 worms
  5 dart slugs
  3 leopard geckos
  11 orcs
  3 ball pythons
  12 bats
  2 giant cockroaches
  7 goblins
  8 hobgoblins
  8 jackals
  A quokka (D:2)
  A frilled lizard (D:1)
  8 kobolds
  6 rats
116 creatures vanquished.

Notes
Turn   | Place    | Note
-------+----------+-------------------------------------------
     0 | D:1      | Iskender the Gnoll Wanderer began the quest for the Orb.
     0 | D:1      | Iskender set off with: a +2 hand axe, a +0 ring mail, a scroll of teleportation, a bread ration
     0 | D:1      | Reached XP level 1. HP: 26/26 MP: 1/1
    69 | D:1      | Found a shattered altar of Ashenzari.
   202 | D:1      | Reached XP level 2. HP: 33/33 MP: 2/2
   656 | D:1      | Reached XP level 3. HP: 35/38 MP: 3/3
   960 | D:2      | Reached skill level 1 in Invocations
  1235 | D:2      | Reached skill level 1 in Short Blades
  1235 | D:2      | Reached skill level 1 in Long Blades
  1235 | D:2      | Reached skill level 1 in Maces & Flails
  1235 | D:2      | Reached skill level 1 in Polearms
  1235 | D:2      | Reached skill level 1 in Staves
  1235 | D:2      | Reached skill level 1 in Slings
  1235 | D:2      | Reached skill level 1 in Bows
  1235 | D:2      | Reached skill level 1 in Crossbows
  1235 | D:2      | Reached skill level 1 in Dodging
  1235 | D:2      | Reached skill level 1 in Unarmed Combat
  1235 | D:2      | Reached skill level 1 in Spellcasting
  1235 | D:2      | Reached skill level 1 in Evocations
  1235 | D:2      | Reached XP level 4. HP: 45/45 MP: 5/5
  1315 | D:2      | Found a hazy altar of Hepliaklqana.
  1435 | D:2      | Noticed Natasha
  1487 | D:2      | Found an opulent altar of Gozag.
  1617 | D:1      | Reached skill level 1 in Conjurations
  1617 | D:1      | Reached skill level 1 in Hexes
  1617 | D:1      | Reached skill level 1 in Charms
  1617 | D:1      | Reached skill level 1 in Summonings
  1617 | D:1      | Reached skill level 1 in Necromancy
  1617 | D:1      | Reached skill level 1 in Translocations
  1617 | D:1      | Reached skill level 1 in Transmutations
  1617 | D:1      | Reached skill level 1 in Fire Magic
  1617 | D:1      | Reached skill level 1 in Ice Magic
  1617 | D:1      | Reached skill level 1 in Air Magic
  1617 | D:1      | Reached skill level 1 in Earth Magic
  1617 | D:1      | Reached skill level 1 in Poison Magic
  1730 | D:2      | Reached XP level 5. HP: 51/51 MP: 6/6
  1746 | D:2      | Found a glowing golden altar of the Shining One.
  1980 | D:2      | Killed Natasha
  2091 | D:2      | Noticed Natasha
  2106 | D:2      | Killed Natasha
  2113 | D:2      | Noticed Natasha
  2126 | D:2      | Killed Natasha
  2140 | D:2      | Reached XP level 6. HP: 36/57 MP: 8/8
  2521 | D:3      | Found a glowing silver altar of Zin.
  2995 | D:3      | Reached skill level 5 in Armour
  3205 | D:3      | Found a stormy altar of Qazlal.
  3313 | D:4      | Found a sacrificial altar of Ru.
  3628 | D:4      | Found a staircase to the Ecumenical Temple.
  3642 | Temple   | Entered the Ecumenical Temple
  3687 | Temple   | Became a worshipper of the Wu Jian Council
  3730 | D:4      | Noticed Ijyb
  3779 | D:4      | Reached XP level 7. HP: 57/63 MP: 10/10
  4138 | D:4      | Found Omoaf's General Store.
  4257 | D:4      | Killed Ijyb
  4271 | D:4      | Found a shadowy altar of Dithmenos.
  4370 | D:4      | Found an iron altar of Okawaru.
  4407 | D:5      | Entered Level 5 of the Dungeon
  4425 | D:4      | Reached skill level 9 in Fighting
  4645 | D:5      | Reached XP level 8. HP: 41/71 MP: 12/12
  4666 | D:5      | Noticed Dowan
  4699 | D:4      | Bought a scroll of remove curse for 39 gold pieces
  4711 | D:5      | Noticed Grinder
  4717 | D:5      | Paralysed by Grinder for 7 turns
  4719 | D:5      | Slain by Grinder

Vault maps used:
D:1:      saegor_arrival_simple_a, nicolae_ashenzari_panopticon
D:2:      nicolae_tso_carved_into_rock,
          nicolae_gozag_cash_rules_everything_around_me, lemuel_round_altar,
          uniq_natasha
D:3:      nicolae_qazlal_eye_of_the_storm, lemuel_doored_altar
D:4:      nicolae_ru_sacrificial_ziggurat, kennysheep_okawaru_gauntlet,
          minmay_temple_entry_glassed_door, serial_shops, shop_fountains,
          grunt_dithmenos_smoke, uniq_ijyb
D:5:      first_bread, uniq_duvessa, uniq_pikel, uniq_grinder
Temple:   minmay_freezing_vapour_temple

Skill      XL: |  1  2  3  4  5  6  7 |
---------------+----------------------+-----
Invocations    | 1 2 3 |  3.1
Short Blades   | 1 2 |  2.8
Long Blades    | 1 2 |  2.8
Maces & Flails | 1 2 |  2.8
Polearms       | 1 2 |  2.8
Staves         | 1 2 |  2.8
Slings         | 1 2 |  2.8
Bows           | 1 2 |  2.8
Crossbows      | 1 2 |  2.8
Dodging        | 1 2 |  2.8
Unarmed Combat | 1 2 |  2.8
Spellcasting   | 1 2 |  2.8
Evocations     | 1 2 |  2.8
Conjurations   | 1 2 |  2.3
Hexes          | 1 2 |  2.3
Charms         | 1 2 |  2.3
Summonings     | 1 2 |  2.3
Necromancy     | 1 2 |  2.3
Translocations | 1 2 |  2.3
Transmutations | 1 2 |  2.3
Fire Magic     | 1 2 |  2.3
Ice Magic      | 1 2 |  2.3
Air Magic      | 1 2 |  2.3
Earth Magic    | 1 2 |  2.3
Poison Magic   | 1 2 |  2.3
Axes           | 3 |  3.9
Throwing       | 3 |  3.9
Shields        | 3 |  3.9
Stealth        | 3 |  3.7
Armour         | 5 |  5.4
Fighting       | 9 |  9.0

Action                   |  1- 3 |  4- 6 |  7- 9 || total
-------------------------+-------+-------+-------++-------
Melee: Hand axe          |    68 |   199 |    20 ||   287
       Bite              |     7 |    26 |    15 ||    48
       Punch             |       |     1 |     2 ||     3
       Trident           |       |    38 |     9 ||    47
       Falchion          |       |     5 |    17 ||    22
       Flail             |       |       |    73 ||    73
Throw: Stone             |    17 |    27 |     5 ||    49
       Javelin           |       |     2 |     2 ||     4
       Tomahawk          |       |       |     2 ||     2
  Use: Scroll            |       |     2 |     5 ||     7
 Stab: Sleeping          |     2 |     8 |     1 ||    11
  Eat: Chunk             |     1 |     8 |       ||     9
       Bread ration      |       |       |     1 ||     1
Armor: Ring mail         |    32 |    75 |    41 ||   148
Dodge: Dodged            |    47 |   113 |    64 ||   224
       Rpst.: Falchion   |       |     1 |     3 ||     4

Table legend:
 A = Spawn XP
 B = Non-spawn XP
 C = Spawn XP percentage of total XP
 D = Spawn monster count
 E = Non-spawn monster count
 F = Spawn count percentage of total count
 G = Total turns spent on level
                    A         B        C        D         E        F      G
               +---------+---------+-------+---------+---------+-------+---------
         Total |       0 |    1244 |   0.0 |       0 |     116 |   0.0 |  4719
               +---------+---------+-------+---------+---------+-------+---------
           D:1 |       0 |      74 |   0.0 |       0 |      25 |   0.0 |  1146
           D:2 |       0 |     266 |   0.0 |       0 |      36 |   0.0 |  1196
           D:3 |       0 |     123 |   0.0 |       0 |      22 |   0.0 |   941
           D:4 |       0 |     596 |   0.0 |       0 |      22 |   0.0 |  1138
           D:5 |       0 |     185 |   0.0 |       0 |      11 |   0.0 |   247
               +---------+---------+-------+---------+---------+-------+---------
